 Dungeon Crawl Stone Soup version 0.25.1-2-g60ff931df9 (webtiles) character file.

Game seed: 11284864363825058459

333 hawla the Chopper (level 6, 0/53 HPs)
             Began as a Hill Orc Monk on Oct 4, 2020.
             Was a Believer of Beogh.
             Slain by an ogre
             ... wielding a +0 giant club
              (19 damage)
             ... on level 4 of the Dungeon.
             The game lasted 00:08:25 (4274 turns).

hawla the Chopper (Hill Orc Monk)                   Turns: 4274, Time: 00:08:25

Health: 0/53       AC:  4    Str: 16    XL:     6   Next: 53%
Magic:  6/6        EV: 14    Int: 10    God:    Beogh [**....]
Gold:   150        SH:  0    Dex: 19    Spells: 5/5 levels left

rFire    . . .     SeeInvis .   t - +0 quarterstaff
rCold    . . .     Gourm    .   (shield currently unavailable)
rNeg     . . .     Faith    .   q - +0 leather armour
rPois    .         Spirit   .   (no helmet)
rElec    .         Reflect  .   (no cloak)
rCorr    .         Harm     .   h - +0 pair of gloves
MR       .....                  (no boots)
Stlth    ++........             (no amulet)
HPRegen  0.17/turn              p - +6 ring of dexterity
MPRegen  0.10/turn              (no ring)

@: no status effects
A: no striking features
a: Smiting, Renounce Religion


You were on level 4 of the Dungeon.
You worshipped Beogh.
Beogh was pleased with you.
You were not hungry.

You visited 1 branch of the dungeon, and saw 4 of its levels.

You collected 150 gold pieces.

Inventory:

Hand Weapons
 g - a +0 war axe
 t - a +0 quarterstaff (weapon)
Armour
 f - a +0 ring mail
 h - a +0 pair of gloves (worn)
 i - a +0 scale mail
 q - a +0 leather armour (worn)
 r - a +0 helmet
Jewellery
 p - a +6 ring of dexterity (left hand)
Scrolls
 e - a scroll of enchant weapon
 j - 3 scrolls of teleportation
 l - 4 scrolls of identify
Potions
 b - a potion of might {unknown}
 d - a potion of heal wounds
 m - 4 potions of curing {unknown}
 n - 3 potions of haste {unknown}
 o - 4 potions of flight
Comestibles
 c - 3 rations


   Skills:
 + Level 4.4 Fighting
 + Level 7.0 Axes
 + Level 0.5 Staves
 * Level 3.7 Dodging
 + Level 2.3 Stealth


You had 5 spell levels left.
You didn't know any spells.
Your spell library contained the following spells:

 Spells                   Type           Power        Failure   Level  Hunger
 Animate Skeleton         Necr           N/A          43%         1    ##.....
 Pain                     Necr           #...         43%         1    ##.....
 Confusing Touch          Hex            #.......     80%         3    ####...
 Gell's Gravitas          Tloc           #.........   80%         3    ####...
 Vampiric Draining        Necr           #.........   80%         3    ####...
 Animate Dead             Necr           N/A          99%         4    #####..
 Petrify                  Tmut/Erth      #.......     99%         4    #####..
 Agony                    Necr           #.......     100%        5    ######.
 Metabolic Englaciation   Hex/Ice        #.........   100%        5    ######.
 Yara's Violent Unravell  Hex/Tmut       #.........   100%        5    ######.


Dungeon Overview and Level Annotations

Branches:
Dungeon (4/15)
 Temple: D:4-7

Altars:


Message History

Aim: an ogre, wielding a +0 giant club (chance to blind on hit: 41%)
You throw an atropa-tipped dart.
The atropa-tipped dart barely misses the ogre.
The ogre misses you.
Throwing (i - inventory)
k - 2 atropa-tipped darts (quivered)
Press: ? - help, Shift-Dir - straight line, f/p - ogre
Aim: an ogre, wielding a +0 giant club (chance to blind on hit: 41%)
You throw an atropa-tipped dart. The atropa-tipped dart hits the ogre.
The ogre resists.
The ogre hits you with a +0 giant club!
Throwing (i - inventory)
k - an atropa-tipped dart (quivered)
Press: ? - help, Shift-Dir - straight line, f/p - ogre
Aim: an ogre, wielding a +0 giant club (chance to blind on hit: 51%)
You throw an atropa-tipped dart.
The atropa-tipped dart barely misses the ogre.
As you read the scroll labeled UNURGHORCHIC, it crumbles to dust.
It is a scroll of amnesia.
You feel forgetful for a moment. The ogre closely misses you.
It was a potion of cancellation.
You feel magically purged.
The ogre hits you with a +0 giant club!!
You die...

#.##.##.#........
#.##.##.....#####
######...........#
.......##.###...##
.########.# ##.##
#.# ##.###### #.#
#.......# #..
#.##.##.# ###
#.##@##.####
#...O....<..
#..#.##.####
#....(....?.
#.....(.####
##...#### #.(.#
#.... #..##


You could see an ogre.

Vanquished Creatures
  A phantom (D:4)
  An orc priest (D:3)
  3 orc wizards (D:3)
  Robin (D:2)
  2 adders
  An ooze (D:1)
  2 worms
  3 dart slugs
  A leopard gecko (D:1)
  10 orcs (D:3)
  2 giant cockroaches
  15 goblins
  9 hobgoblins
  A ball python (D:1)
  6 bats
  2 frilled lizards
  9 kobolds
  13 rats
82 creatures vanquished.

Vanquished Creatures (others)
  2 orc wizards (D:3)
  An orc (D:3)
  A ball python (D:3)
  A hobgoblin (D:3)
  2 bats (D:3)
7 creatures vanquished.

Grand Total: 89 creatures vanquished

Notes
Turn   | Place    | Note
-------+----------+-------------------------------------------
     0 | D:1      | hawla the Hill Orc Monk began the quest for the Orb.
     0 | D:1      | Reached XP level 1. HP: 19/19 MP: 1/1
   242 | D:1      | Reached XP level 2. HP: 27/27 MP: 2/2
   695 | D:1      | Reached XP level 3. HP: 21/33 MP: 3/3
  1739 | D:2      | Noticed Robin
  1744 | D:2      | Reached XP level 4. HP: 22/40 MP: 4/4
  1765 | D:2      | Killed Robin
  1984 | D:2      | Reached skill level 5 in Axes
  2748 | D:3      | Became a worshipper of Beogh the Brigand
  2748 | D:3      | Reached * piety under Beogh
  2748 | D:3      | Reached ** piety under Beogh
  2817 | D:3      | Reached XP level 5. HP: 25/46 MP: 5/5
  3394 | D:3      | Reached skill level 6 in Axes
  3405 | D:3      | Reached XP level 6. HP: 52/52 MP: 6/6
  3836 | D:4      | Noticed a phantom
  4008 | D:4      | Killed a phantom
  4008 | D:4      | Reached skill level 7 in Axes
  4274 | D:4      | Slain by an ogre

Illustrated notes

Levels and vault maps discovered:
D:1:      dpeg_cavernosity, layout_basic
D:2:      layout_basic, uniq_robin
D:3:      layout_basic, first_ration, kennysheep_generic_room_2
D:4:      layout_loops_ring, minivault_5

Skill      XL: |  1  2  3  4  5  6 |
---------------+-------------------+-----
Dodging        | 3 |  3.7
Stealth        | 2 |  2.3
Fighting       | 4 |  4.4
Axes           | 5 6 7 |  7.0
Staves         | |  0.5

Action                   |  1- 3 |  4- 6 || total
-------------------------+-------+-------++-------
Melee: Hand axe          |   105 |       ||   105
       War axe           |     7 |   106 ||   113
       Quarterstaff      |       |    25 ||    25
Throw: Dart              |       |     5 ||     5
Invok: Convert to Beogh  |       |     1 ||     1
  Use: Scroll            |     7 |     2 ||     9
       Potion            |       |     1 ||     1
 Stab: Sleeping          |     5 |     1 ||     6
       Distracted        |       |     1 ||     1
  Eat: Chunk             |     3 |     6 ||     9
       Ration            |       |     1 ||     1
Armor: Robe              |    35 |    18 ||    53
       Leather armour    |       |     4 ||     4
Dodge: Dodged            |    94 |    89 ||   183
